Map: Deathaura LE

Players

DPGCure (Cure) - Winner!

  • Race: Terran Terran
  • Spawn Location: 11:00

Zest

  • Race: Protoss Protoss
  • League: Master
  • Spawn Location: 5:00

Event: War Chest Team League

VOD

Have the link to the VOD?

Description

Time

  • Played on: Aug. 7, 2020, 7 a.m.
  • Length: 13:15
Show
View Real Time Build Order
Export as new Build Order

DPGCure Terran - Winner!

Build Orders: Reaper Expand 

Get SALT Encoding   

  12  0:00  SCV  
  13  0:12  SCV  
  14  0:17  Supply Depot  
  14  0:24  SCV  
  15  0:38  SCV  
  15  0:40  Barracks  
  15  0:42  Refinery  
  16  0:51  SCV  
  17  1:03  SCV  
  18  1:15  SCV  
  19  1:27  Reaper, Orbital Command  
  20  1:39  Command Center  
  20  1:47  Supply Depot  
  20  1:53  SCV  
  21  2:00  Barracks Tech Lab  
  21  2:05  Barracks  
  21  2:07  SCV  
  22  2:18  Concussive Shells, Marauder  
  22  2:19  SCV  
  25  2:25  Refinery  
  25  2:31  SCV  
  26  2:39  Marauder  
  26  2:44  SCV  
  28  2:51  Orbital Command  
  28  2:52  Barracks Tech Lab  
  28  2:56  SCV  
  29  3:01  Marauder  
  29  3:05  Factory  
  31  3:08  SCV  
  31  3:10  Marauder  
  34  3:17  SCV  
  34  3:18  Supply Depot  
  35  3:20  SCV  
  35  3:23  Marauder  
  38  3:29  SCV  
  38  3:32  Marauder  
  38  3:33  SCV  
  42  3:41  SCV  
  42  3:43  Supply Depot  
  42  3:45  SCV, Marauder  
  46  3:48  Refinery  
  46  3:51  Factory Tech Lab  
  46  3:53  SCV  
  47  3:56  Marauder  
  47  4:01  SCV  
  50  4:03  Starport  
  50  4:05  SCV  
  50  4:06  Supply Depot  
  53  4:10  Marauder  
  49  4:24  SCV x2  
  49  4:29  Marauder, Siege Tank  
  51  4:31  Marauder  
  51  4:36  SCV  
  51  4:37  SCV, Bunker  
  51  4:39  Engineering Bay  
  51  4:41  Starport Tech Lab  
  51  4:47  Stimpack  
  51  4:48  Barracks  
  51  4:52  SCV x2  
  53  4:55  Marauder  
  55  5:01  Siege Tank  
  55  5:05  SCV x2  
  60  5:08  Refinery  
  60  5:10  Supply Depot  
  60  5:12  Terran Infantry Weapons Level 1  
  60  5:13  Marine  
  61  5:17  Marine  
  61  5:18  SCV  
  61  5:19  SCV  
  64  5:28  Barracks  
  64  5:30  SCV  
  64  5:32  SCV  
  64  5:34  Marine  
  67  5:38  Barracks Reactor  
  67  5:41  Raven  
  67  5:42  SCV  
  70  5:44  SCV  
  70  5:46  Supply Depot  
  71  5:54  SCV, Marine  
  71  5:55  Siege Tank  
  71  5:57  SCV, Command Center  
  77  5:59  Supply Depot  
  75  6:06  SCV  
  75  6:10  Barracks  
  75  6:11  SCV  
  74  6:12  Barracks  
  74  6:13  Supply Depot  
  74  6:15  Marine x2  
  74  6:16  Marine  
  77  6:18  SCV  
  77  6:24  Supply Depot  
  78  6:28  SCV  
  78  6:30  SCV, Marine  
  78  6:31  Combat Shield  
  78  6:32  Siege Tank  
  84  6:33  Starport Reactor  
  84  6:35  Marine x3  
  87  6:42  SCV  
  87  6:43  SCV  
  89  6:51  Marauder  
  89  6:52  Missile Turret x2  
  89  6:53  Marine x2  
  89  6:54  Marauder  
  95  6:55  SCV x2  
  97  7:02  Barracks Reactor, Barracks Tech Lab  
  97  7:03  Barracks Tech Lab  
  97  7:07  SCV, Terran Infantry Armor Level 1  
  97  7:08  SCV, Siege Tank  
  102  7:11  Refinery  
  102  7:12  Marine  
  102  7:13  Marine  
  102  7:14  Marauder  
  102  7:15  Medivac, Refinery, Marauder  
  110  7:17  Medivac  
  110  7:21  Supply Depot  
  112  7:23  Marauder  
  112  7:27  Orbital Command  
  112  7:29  SCV x2  
  116  7:31  Marauder  
  116  7:32  Marine  
  116  7:33  Marine  
  120  7:38  Marauder, Marine  
  120  7:39  Supply Depot  
  120  7:40  Marine  
  120  7:43  Marauder  
  126  7:46  Marine  
  126  7:48  Supply Depot  
  126  7:49  Siege Tank  
  130  7:52  Medivac  
  132  7:58  Supply Depot  
  132  8:00  Medivac  
  132  8:01  Marine x3  
  132  8:02  Marauder, Marine  
  140  8:06  Marauder  
  141  8:16  Armory  
  141  8:17  Engineering Bay  
  141  8:18  SCV x3, Ghost Academy  
  144  8:21  Supply Depot x2  
  144  8:22  Medivac  
  144  8:25  Marine x2  
  148  8:30  SCV x3, Medivac  
  153  8:34  Supply Depot  
  153  8:36  Marauder, Marine x2  
  157  8:42  Marine x3  
  157  8:43  Marine x2  
  157  8:46  Supply Depot x2  
  157  8:48  Siege Tank  
  165  8:53  Marine  
  165  8:54  Marine  
  167  8:56  Enhanced Shockwaves  
  167  8:58  Marauder  
  167  8:59  Supply Depot  
  167  9:00  Marine x2  
  167  9:01  Marauder, Marine  
  167  9:02  Marine  
  175  9:05  Medivac  
  175  9:06  Medivac  
  175  9:09  Terran Infantry Armor Level 2  
  179  9:11  Marine  
  179  9:15  Terran Infantry Weapons Level 2  
  180  9:17  Marine  
  180  9:18  Marauder, Marine  
  180  9:19  Marine x2  
  180  9:20  Marine  
  187  9:26  Marine  
  187  9:29  Marine  
  189  9:35  Marine  
  189  9:36  Marauder  
  189  9:37  Marine x2  
  189  9:38  Marine  
  195  9:40  Marauder  
  175  9:47  Marine  
  155  9:53  Marine  
  155  9:55  Marine x2  
  155  9:56  Marauder, Siege Tank  
  155  9:57  Medivac x2, Marauder  
  159  10:01  Marine  
  159  10:05  Marine  
  159  10:06  Missile Turret  
  155  10:11  Marine  
  155  10:13  Marine x2  
  156  10:25  Missile Turret  
  153  10:31  Supply Depot  
  153  10:32  Supply Depot  
  153  10:55  Supply Depot  
  153  10:56  Supply Depot  
  153  10:58  Supply Depot  
  135  11:12  Marauder, Marine x2  
  135  11:13  Marauder, Marine  
  135  11:14  Marine x2  
  114  11:24  Siege Tank  
  119  11:30  Marine x2  
  119  11:31  Marine  
  119  11:32  Marine  
  122  11:33  Marauder, Marine  
  122  11:35  Marauder  
  122  11:39  Liberator  
  123  11:40  Liberator  
  118  11:47  Marine  
  118  11:48  Marine  
  118  11:49  Marine  
  118  11:50  Marine  
  118  11:52  Marauder  
  122  11:54  Marauder  
  122  11:56  Marauder  
  122  11:57  Siege Tank  
  126  12:05  Marine x2  
  129  12:16  Marine  
  129  12:21  Marine  
  131  12:24  Marine  
  131  12:29  Marine  
  133  12:39  Missile Turret  
  133  12:41  Unknown  
  133  12:45  Marine  
  133  12:46  Marauder  
Show
View Real Time Build Order
Export as new Build Order

Zest Protoss 

Build Orders: 1 Gate Expand, Blink Stalkers 

Get SALT Encoding   

  12  0:00  Probe  
  13  0:12  Probe  
  14  0:17  Pylon  
  14  0:24  Probe (Chrono Boost)  
  15  0:36  Probe (Chrono Boost)  
  15  0:37  Gateway  
  16  0:44  Probe (Chrono Boost)  
  16  0:46  Assimilator  
  17  0:51  Probe  
  18  1:03  Probe  
  19  1:15  Probe  
  20  1:22  Nexus  
  20  1:31  Cybernetics Core  
  20  1:35  Probe  
  21  1:40  Assimilator  
  21  1:47  Probe  
  21  1:50  Pylon  
  22  1:59  Probe  
  23  2:05  Stalker (Chrono Boost)  
  23  2:08  Warp Gate  
  25  2:11  Probe  
  26  2:21  Twilight Council  
  26  2:23  Probe  
  26  2:28  Stalker  
  29  2:34  Probe (Chrono Boost)  
  31  2:41  Probe (Chrono Boost)  
  32  2:45  Probe (Chrono Boost)  
  32  2:49  Probe (Chrono Boost), Blink (Chrono Boost)  
  32  2:50  Probe (Chrono Boost)  
  34  3:00  Probe  
  34  3:01  Gateway  
  35  3:06  Stalker  
  35  3:10  Probe  
  35  3:12  Probe  
  39  3:22  Probe  
  39  3:24  Probe, Robotics Facility  
  41  3:28  Pylon  
  42  3:34  Probe  
  42  3:36  Probe  
  43  3:45  Nexus  
  43  3:47  Probe  
  44  3:49  Probe  
  45  3:56  Stalker, Sentry  
  45  4:00  Pylon  
  49  4:03  Assimilator  
  49  4:04  Probe  
  49  4:05  Probe  
  51  4:11  Observer  
  51  4:16  Probe  
  51  4:17  Probe  
  51  4:20  Stalker  
  50  4:26  Stalker  
  50  4:29  Probe  
  51  4:38  Probe  
  52  4:39  Shield Battery  
  52  4:41  Probe  
  52  4:43  Assimilator  
  52  4:44  Stalker  
  55  4:50  Stalker  
  57  4:54  Immortal (Chrono Boost)  
  57  4:57  Charge  
  61  5:05  Probe x3  
  64  5:10  Sentry  
  64  5:13  Gateway  
  66  5:14  Gateway  
  66  5:20  Probe x2  
  66  5:21  Probe  
  69  5:24  Warp Prism (Chrono Boost)  
  71  5:32  Probe x2  
  71  5:33  Probe  
  74  5:40  Pylon  
  74  5:44  Probe  
  74  5:48  Sentry  
  77  5:52  Pylon  
  77  5:55  Gateway x2  
  77  5:56  Immortal (Chrono Boost), Gateway  
  77  5:58  Probe x3  
  82  6:07  Sentry  
  82  6:10  Probe x2  
  86  6:18  Probe  
  87  6:20  Pylon  
  87  6:23  Pylon  
  87  6:27  Forge  
  87  6:28  Zealot x3  
  93  6:36  Pylon  
  93  6:39  Pylon  
  93  6:40  Zealot  
  93  6:44  Observer (Chrono Boost)  
  96  6:47  Gateway  
  96  6:48  Gateway  
  96  6:49  Nexus  
  96  6:51  Pylon  
  96  6:52  Protoss Ground Weapons Level 1 (Chrono Boost)  
  96  6:54  Probe  
  96  6:55  Probe x2  
  96  6:56  Pylon  
  96  6:58  Sentry  
  96  6:59  Stalker x2, Sentry  
  96  7:00  Stalker  
  109  7:05  Dark Shrine  
  109  7:22  Zealot x2  
  111  7:23  Zealot x5  
  123  7:35  Pylon  
  123  7:37  Pylon  
  123  7:46  Zealot x9  
  141  7:52  Pylon  
  141  7:55  Pylon  
  131  8:15  Shadow Stride (Chrono Boost)  
  131  8:16  Probe x4  
  131  8:18  Assimilator  
  131  8:19  Assimilator  
  135  8:26  Protoss Ground Weapons Level 2 (Chrono Boost)  
  135  8:28  Probe x4  
  139  8:40  Probe x3  
  139  8:41  Probe  
  143  8:44  Gateway  
  143  8:45  Gateway  
  143  8:48  Gateway  
  143  8:51  Nexus  
  143  8:52  Probe  
  143  8:53  Pylon  
  144  8:57  Dark Templar x8  
  160  9:05  Dark Templar  
  160  9:29  Zealot x3  
  160  9:30  Zealot x5  
  104  10:04  Zealot x11  
  104  10:05  Zealot  
  104  10:07  Immortal  
  118  10:22  Stalker x5  
  118  10:28  Stalker x7  
  142  10:42  Dark Templar x5  
  140  10:51  Dark Templar x3  
  140  10:52  Zealot x4  
  111  11:12  Zealot x4  
  111  11:14  Zealot x3  
  97  11:22  Probe (Chrono Boost)  
  102  11:26  Stalker x3  
  102  11:28  Probe x3 (Chrono Boost)  
  102  11:29  Probe (Chrono Boost)  
  102  11:32  Probe (Chrono Boost)  
  109  11:35  Probe x3 (Chrono Boost)  
  109  11:36  Probe (Chrono Boost)  
  109  11:37  Probe  
  114  11:44  Zealot x7  
  114  11:46  Probe  
  113  11:51  Sentry x3  
  103  11:55  Shield Battery, Observer  
  93  12:08  Zealot x3  
  93  12:09  Zealot x4  
  93  12:14  Zealot x2  
  93  12:15  Zealot  
  113  12:29  Zealot x7  
  127  12:37  Zealot x3  
  133  12:50  Stalker x3  
  133  13:05  Stalker x5  
  112  13:06  Stalker x2  
Tags
 
Add a new tag
Caveats
  • Supply blocks, unpowered buildings, or Contaminate may cause inaccurate times.
  • Supply counts are checked every 10 seconds.